3660 views
Uploaded 2020-08-10 11:36:17
Game version 1.32.6 / 1.32.7
21:43 long 4on4 custom game on (8)FullScaleAssault
Game name "W3Champions-s2-20-102097"
Saved by MoonSorrow
3660 views
Uploaded 2020-08-10 11:36:17
Game version 1.32.6 / 1.32.7
21:43 long 4on4 custom game on (8)FullScaleAssault
Game name "W3Champions-s2-20-102097"


190 units @ 25.6k
/ 4k
94 buildings @ 13.7k
/ 4.8k


x1)
| Scroll of Regeneration | 3 | 300 |
| Lesser Clarity Potion | 5 | 350 |
| Staff of Sanctuary | 1 | 250 |
| Scroll of Town Portal | 5 | 1750 |
| Scroll of Healing | 2 | 500 |
| Staff of Teleportation | 1 | 150 |
| Tome of Retraining | 1 | 300 |
| Potion of Lesser Invulnerability | 1 | 150 |
| Scroll of Protection | 1 | 150 |
| total: | 20 | 3900g |
| Peasant | 17 | 1275 | / | 0 |
| Footman | 3 | 405 | / | 0 |
| Rifleman | 4 | 820 | / | 120 |
| Flying Machine | 17 | 1700 | / | 510 |
| Knight | 3 | 735 | / | 180 |
| Goblin Zeppelin | 1 | 240 | / | 60 |
| total: | 45 | 5175g | / | 870w |
| Scout Tower | 5 | 150 | / | 100 |
| Arcane Tower | 1 | 70 | / | 50 |
| Guard Tower | 3 | 210 | / | 150 |
| Altar of Kings | 1 | 180 | / | 50 |
| Barracks | 3 | 480 | / | 180 |
| Farm | 13 | 1040 | / | 260 |
| Lumber Mill | 1 | 120 | / | 0 |
| Town Hall | 1 | 385 | / | 205 |
| Arcane Vault | 2 | 260 | / | 60 |
| Blacksmith | 1 | 140 | / | 60 |
| Workshop | 3 | 420 | / | 420 |
| Keep | 1 | 320 | / | 210 |
| Castle | 1 | 360 | / | 210 |
| total: | 30 | 3175g | / | 1335w |
| 0:02 | Peasant |
| 0:06 | Altar of Kings |
| 0:08 | Peasant |
| 0:18 | Barracks |
| 0:23 | Peasant |
| 0:34 | Farm |
| 0:35 | Peasant |
| 0:54 | Peasant |
| 1:03 | Farm |
| 1:07 | Peasant |
| 1:19 | Footman |
| 1:26 | Peasant |
| 1:29 | Farm |
| 1:43 | Footman |
| 2:00 | Peasant |
| 2:04 | Footman |
| 2:14 | Lumber Mill |
| 2:19 | Summon Water Elemental |
| 2:21 | Peasant |
| 2:43 | Peasant |
| 2:54 | Peasant |
| 3:12 | Town Hall |
| 3:17 | Brilliance Aura |
| 3:19 | Scout Tower |
| 3:22 | Scout Tower |
| 3:27 | Peasant |
| 3:37 | Peasant |
| 3:54 | Arcane Tower |
| 3:54 | Guard Tower |
| 4:21 | Arcane Vault |
| 4:33 | Peasant |
| 4:35 | Blacksmith |
| 4:38 | Peasant |
| 4:50 | Barracks |
| 4:56 | Peasant |
| 5:02 | Staff of Teleportation |
| 5:16 | Scroll of Regeneration |
| 5:16 | Scroll of Regeneration |
| 5:18 | Lesser Clarity Potion |
| 5:22 | Scout Tower |
| 5:23 | Peasant |
| 5:39 | Keep |
| 5:42 | Scout Tower |
| 6:03 | Defend |
| 6:19 | Rifleman |
| 6:28 | Guard Tower |
| 6:39 | Scout Tower |
| 6:46 | Lesser Clarity Potion |
| 6:56 | Rifleman |
| 6:59 | Farm |
| 7:01 | Farm |
| 7:02 | Farm |
| 7:07 | Rifleman |
| 7:08 | Black Gunpowder |
| 7:32 | Guard Tower |
| 7:34 | Improved Masonry |
| 8:12 | Workshop |
| 8:12 | Workshop |
| 8:28 | Rifleman |
| 8:52 | Castle |
| 9:06 | Lesser Clarity Potion |
| 9:07 | Scroll of Town Portal |
| 9:09 | Refined Gunpowder |
| 9:10 | Iron Plating |
| 9:15 | Flame Strike |
| 9:25 | Tome of Retraining |
| 9:25 | Retrain Hero |
| 9:29 | Flak Cannons |
| 9:31 | Farm |
| 9:33 | Farm |
| 9:36 | Improved Lumber Harvesting |
| 10:48 | Blizzard |
| 10:48 | Brilliance Aura |
| 10:57 | Blizzard |
| 11:09 | Arcane Vault |
| 11:12 | Flying Machine |
| 11:20 | Advanced Lumber Harvesting |
| 11:28 | Scroll of Town Portal |
| 11:29 | Scroll of Town Portal |
| 11:30 | Staff of Sanctuary |
| 11:44 | Flare |
| 11:45 | Fragmentation Shards |
| 11:46 | Steel Plating |
| 11:49 | Animal War Training |
| 11:55 | Barracks |
| 12:02 | Farm |
| 12:02 | Farm |
| 13:16 | Lesser Clarity Potion |
| 13:16 | Scroll of Town Portal |
| 13:19 | Lesser Clarity Potion |
| 13:23 | Scroll of Regeneration |
| 13:38 | Mithril Plating |
| 14:20 | Goblin Zeppelin |
| 14:32 | Workshop |
| 15:07 | Flying Machine |
| 15:10 | Farm |
| 15:21 | Siphon Mana |
| 15:23 | Scroll of Town Portal |
| 15:24 | Knight |
| 15:25 | Sundering Blades |
| 15:26 | Flying Machine |
| 15:27 | Flying Machine |
| 15:32 | Farm |
| 15:34 | Farm |
| 15:38 | Imbued Gunpowder |
| 16:01 | Flying Machine |
| 16:04 | Barrage |
| 16:08 | Knight |
| 16:16 | Scroll of Healing |
| 16:20 | Potion of Lesser Invulnerability |
| 16:22 | Scroll of Healing |
| 16:26 | Scroll of Protection |
| 16:28 | Flying Machine |
| 16:30 | Knight |
| 17:19 | Flying Machine |
| 18:04 | Brilliance Aura |
| 18:06 | Siphon Mana |
| 18:18 | Flying Machine |
| 18:18 | Flying Machine |
| 18:35 | Flying Machine |
| 19:01 | Flying Machine |
| 19:02 | Flying Machine |
| 19:14 | Flying Machine |
| 19:15 | Flying Machine |
| 20:32 | Flying Machine |
| 20:32 | Flying Machine |
| 21:02 | Flame Strike |
| 21:12 | Flying Machine |
| Select group | 1782 |
| Right click | 1488 |
| Select | 351 |
| Build/train/purchase | 131 |
| Misc. action | 55 |
| Use ability | 51 |
| Assign group | 50 |
| Minimap ping | 24 |
| Item give/drop | 6 |
| Remove unit | 1 |



| Rod of Necromancy | 1 | 150 |
| Sacrificial Skull | 1 | 50 |
| Potion of Healing | 3 | 450 |
| Lesser Clarity Potion | 1 | 70 |
| Orb of Corruption | 1 | 375 |
| Potion of Mana | 1 | 200 |
| Scroll of Town Portal | 2 | 700 |
| total: | 10 | 1995g |
| Acolyte | 14 | 1050 | / | 0 |
| Ghoul | 9 | 1080 | / | 0 |
| Crypt Fiend | 8 | 1720 | / | 320 |
| Obsidian Statue | 8 | 1600 | / | 280 |
| Abomination | 2 | 480 | / | 140 |
| total: | 41 | 5930g | / | 740w |
| Nerubian Tower | 2 | 200 | / | 40 |
| Spirit Tower | 3 | 435 | / | 120 |
| Necropolis | 2 | 450 | / | 0 |
| Altar of Darkness | 1 | 180 | / | 50 |
| Crypt | 1 | 200 | / | 50 |
| Ziggurat | 9 | 1350 | / | 450 |
| Tomb of Relics | 2 | 260 | / | 60 |
| Graveyard | 1 | 215 | / | 0 |
| Slaughterhouse | 3 | 420 | / | 405 |
| Halls of the Dead | 1 | 320 | / | 210 |
| Black Citadel | 1 | 325 | / | 230 |
| total: | 19 | 3075g | / | 1015w |
| 0:02 | Acolyte |
| 0:02 | Acolyte |
| 0:08 | Necropolis |
| 0:10 | Altar of Darkness |
| 0:13 | Crypt |
| 0:23 | Ziggurat |
| 0:33 | Acolyte |
| 0:53 | Tomb of Relics |
| 1:13 | Ghoul |
| 1:23 | Ziggurat |
| 1:30 | Ghoul |
| 1:46 | Ghoul |
| 2:06 | Ghoul |
| 2:12 | Rod of Necromancy |
| 2:13 | Sacrificial Skull |
| 2:14 | Carrion Beetles |
| 2:25 | Ghoul |
| 2:42 | Ghoul |
| 2:45 | Acolyte |
| 3:08 | Nerubian Tower |
| 3:44 | Acolyte |
| 3:53 | Ghoul |
| 3:53 | Ghoul |
| 4:09 | Graveyard |
| 4:22 | Ziggurat |
| 4:28 | Impale |
| 4:52 | Acolyte |
| 4:56 | Necropolis |
| 5:17 | Halls of the Dead |
| 5:36 | Ghoul |
| 5:42 | Nerubian Tower |
| 5:57 | Carrion Beetles |
| 6:01 | Ziggurat |
| 6:29 | Crypt Fiend |
| 6:34 | Acolyte |
| 6:34 | Acolyte |
| 6:34 | Acolyte |
| 7:11 | Crypt Fiend |
| 7:13 | Spirit Tower |
| 7:15 | Tomb of Relics |
| 7:36 | Crypt Fiend |
| 8:26 | Crypt Fiend |
| 8:52 | Black Citadel |
| 8:54 | Slaughterhouse |
| 8:55 | Slaughterhouse |
| 8:59 | Slaughterhouse |
| 9:24 | Crypt Fiend |
| 10:27 | Death Coil |
| 10:30 | Obsidian Statue |
| 10:35 | Impale |
| 10:50 | Acolyte |
| 10:50 | Acolyte |
| 10:50 | Acolyte |
| 10:50 | Acolyte |
| 11:06 | Web |
| 11:27 | Acolyte |
| 11:29 | Ziggurat |
| 11:30 | Spirit Tower |
| 11:41 | Crypt Fiend |
| 11:43 | Abomination |
| 11:46 | Ziggurat |
| 12:45 | Potion of Healing |
| 12:45 | Potion of Healing |
| 12:45 | Potion of Healing |
| 12:47 | Scroll of Town Portal |
| 12:54 | Crypt Fiend |
| 12:56 | Abomination |
| 13:09 | Destroyer Form |
| 13:10 | Obsidian Statue |
| 13:11 | Obsidian Statue |
| 13:19 | Lesser Clarity Potion |
| 13:30 | Creature Attack |
| 13:47 | Obsidian Statue |
| 14:18 | Ziggurat |
| 14:29 | Frost Nova |
| 14:31 | Orb of Corruption |
| 16:00 | Improved Creature Attack |
| 16:00 | Creature Carapace |
| 16:01 | Ziggurat |
| 16:02 | Spirit Tower |
| 16:16 | Scroll of Town Portal |
| 16:16 | Potion of Mana |
| 17:20 | Unholy Aura |
| 17:24 | Obsidian Statue |
| 17:49 | Crypt Fiend |
| 17:58 | Dark Ritual |
| 18:16 | Obsidian Statue |
| 19:12 | Impale |
| 19:38 | Obsidian Statue |
| 19:45 | Frost Nova |
| 19:54 | Obsidian Statue |
| 20:20 | Death Coil |
| 20:58 | Ziggurat |
| Select group | 2572 |
| Right click | 1629 |
| Select | 392 |
| Misc. action | 201 |
| Build/train/purchase | 119 |
| Assign group | 55 |
| Use ability | 51 |
| Chat | 19 |
| Minimap ping | 7 |
| Remove unit | 5 |
| Esc | 3 |
| Item give/drop | 2 |


| Healing Salve | 3 | 300 |
| Lesser Clarity Potion | 5 | 350 |
| Potion of Mana | 4 | 800 |
| Scroll of Speed | 1 | 50 |
| Scroll of Healing | 2 | 500 |
| Scroll of Town Portal | 3 | 1050 |
| Orb of Corruption | 1 | 375 |
| total: | 19 | 3425g |
| Peon | 18 | 1350 | / | 0 |
| Troll Headhunter | 13 | 1820 | / | 260 |
| Shaman | 10 | 1300 | / | 200 |
| Troll Witch Doctor | 12 | 1740 | / | 300 |
| Troll Berserker | 13 | 1820 | / | 260 |
| total: | 66 | 8030g | / | 1020w |
| Watch Tower | 3 | 330 | / | 240 |
| Orc Burrow | 7 | 1120 | / | 280 |
| Altar of Storms | 1 | 180 | / | 50 |
| War Mill | 2 | 410 | / | 0 |
| Barracks | 1 | 180 | / | 50 |
| Voodoo Lounge | 3 | 390 | / | 90 |
| Great Hall | 1 | 385 | / | 185 |
| Spirit Lodge | 2 | 300 | / | 300 |
| Stronghold | 1 | 315 | / | 190 |
| Fortress | 1 | 325 | / | 190 |
| total: | 20 | 3295g | / | 1195w |
| 0:02 | Peon |
| 0:02 | Peon |
| 0:19 | Orc Burrow |
| 0:25 | Peon |
| 0:26 | Peon |
| 0:33 | Altar of Storms |
| 0:49 | War Mill |
| 0:53 | Peon |
| 1:07 | Barracks |
| 1:14 | Peon |
| 1:29 | Peon |
| 1:42 | Orc Burrow |
| 1:55 | Voodoo Lounge |
| 2:08 | Troll Headhunter |
| 2:28 | Troll Headhunter |
| 2:39 | Troll Headhunter |
| 3:02 | Peon |
| 3:03 | Troll Headhunter |
| 3:15 | Endurance Aura |
| 3:28 | Healing Salve |
| 3:37 | Troll Headhunter |
| 3:56 | Troll Headhunter |
| 4:02 | Spiked Barricades |
| 4:11 | Orc Burrow |
| 4:23 | Watch Tower |
| 4:39 | War Stomp |
| 4:47 | Watch Tower |
| 4:50 | Great Hall |
| 5:04 | Peon |
| 5:06 | Troll Headhunter |
| 5:33 | Voodoo Lounge |
| 5:36 | Troll Headhunter |
| 5:58 | War Stomp |
| 6:02 | Orc Burrow |
| 6:05 | Stronghold |
| 6:13 | Orc Burrow |
| 6:37 | Watch Tower |
| 6:50 | Troll Headhunter |
| 7:26 | Peon |
| 7:26 | Peon |
| 7:28 | Scroll of Healing |
| 8:27 | Troll Regeneration |
| 8:29 | Fortress |
| 8:38 | Troll Headhunter |
| 8:57 | Healing Salve |
| 8:57 | Lesser Clarity Potion |
| 9:00 | Scroll of Town Portal |
| 9:04 | Spirit Lodge |
| 9:06 | Peon |
| 9:09 | Peon |
| 9:13 | Improved Spiked Barricades |
| 9:18 | Troll Headhunter |
| 9:28 | Hex |
| 9:35 | Troll Headhunter |
| 9:40 | War Mill |
| 10:24 | Shaman Adept Training |
| 10:26 | Spirit Lodge |
| 10:44 | Endurance Aura |
| 10:54 | Peon |
| 11:17 | Peon |
| 11:38 | Shaman Master Training |
| 11:41 | Berserker Upgrade |
| 11:52 | Lesser Clarity Potion |
| 11:54 | Scroll of Town Portal |
| 11:54 | Potion of Mana |
| 11:59 | Lesser Clarity Potion |
| 11:59 | Scroll of Speed |
| 12:04 | Witch Doctor Adept Training |
| 12:06 | Shaman |
| 12:06 | Shaman |
| 12:06 | Troll Witch Doctor |
| 12:06 | Troll Witch Doctor |
| 12:07 | Troll Headhunter |
| 12:08 | Peon |
| 12:10 | Orc Burrow |
| 12:22 | Troll Berserker |
| 12:59 | Troll Berserker |
| 13:07 | Shaman |
| 13:07 | Shaman |
| 13:07 | Troll Witch Doctor |
| 13:07 | Troll Witch Doctor |
| 13:08 | Troll Witch Doctor |
| 13:09 | Troll Witch Doctor |
| 13:12 | Reinforced Defenses |
| 13:25 | Troll Berserker |
| 13:28 | Orc Burrow |
| 13:50 | Steel Ranged Weapons |
| 14:35 | Shaman |
| 14:35 | Troll Witch Doctor |
| 14:36 | Troll Berserker |
| 15:19 | Witch Doctor Master Training |
| 15:22 | Troll Witch Doctor |
| 15:22 | Shaman |
| 15:58 | Scroll of Town Portal |
| 16:00 | Healing Salve |
| 16:02 | Potion of Mana |
| 16:02 | Lesser Clarity Potion |
| 16:04 | Troll Berserker |
| 16:05 | Thorium Ranged Weapons |
| 16:21 | Orb of Corruption |
| 16:22 | Scroll of Healing |
| 16:57 | Healing Wave |
| 17:08 | Voodoo Lounge |
| 17:19 | Troll Berserker |
| 17:43 | Troll Berserker |
| 17:43 | Troll Berserker |
| 17:44 | Arcanite Ranged Weapons |
| 17:59 | Peon |
| 17:59 | Peon |
| 18:20 | Troll Berserker |
| 18:33 | Shaman |
| 19:15 | Healing Wave |
| 19:23 | Troll Berserker |
| 19:23 | Shaman |
| 19:23 | Troll Witch Doctor |
| 19:28 | War Stomp |
| 19:49 | Troll Berserker |
| 19:49 | Shaman |
| 19:50 | Troll Witch Doctor |
| 20:25 | Troll Berserker |
| 20:25 | Troll Berserker |
| 20:52 | Troll Witch Doctor |
| 20:52 | Shaman |
| 21:16 | Troll Witch Doctor |
| 21:38 | Lesser Clarity Potion |
| 21:38 | Potion of Mana |
| 21:40 | Potion of Mana |
| Right click | 1020 |
| Select group | 737 |
| Select | 649 |
| Build/train/purchase | 146 |
| Assign group | 60 |
| Use ability | 58 |
| Misc. action | 31 |
| Resource trade | 4 |
| Remove unit | 2 |
| Minimap ping | 1 |

| Rod of Necromancy | 1 | 150 |
| Sacrificial Skull | 2 | 100 |
| Orb of Corruption | 1 | 375 |
| Scroll of Town Portal | 1 | 350 |
| total: | 5 | 975g |
| Acolyte | 9 | 675 | / | 0 |
| Ghoul | 8 | 960 | / | 0 |
| Obsidian Statue | 4 | 800 | / | 140 |
| Abomination | 17 | 4080 | / | 1190 |
| total: | 38 | 6515g | / | 1330w |
| Nerubian Tower | 6 | 600 | / | 120 |
| Spirit Tower | 5 | 725 | / | 200 |
| Crypt | 2 | 400 | / | 100 |
| Altar of Darkness | 1 | 180 | / | 50 |
| Ziggurat | 14 | 2100 | / | 700 |
| Tomb of Relics | 1 | 130 | / | 30 |
| Graveyard | 2 | 430 | / | 0 |
| Necropolis | 2 | 450 | / | 0 |
| Slaughterhouse | 3 | 420 | / | 405 |
| Halls of the Dead | 3 | 960 | / | 630 |
| Black Citadel | 2 | 650 | / | 460 |
| total: | 25 | 4110g | / | 1285w |
| 0:02 | Acolyte |
| 0:13 | Crypt |
| 0:14 | Altar of Darkness |
| 0:27 | Acolyte |
| 0:37 | Ziggurat |
| 0:49 | Acolyte |
| 1:12 | Tomb of Relics |
| 1:18 | Ghoul |
| 1:19 | Ghoul |
| 1:53 | Ziggurat |
| 2:07 | Ghoul |
| 2:07 | Ghoul |
| 2:32 | Impale |
| 2:38 | Rod of Necromancy |
| 2:39 | Sacrificial Skull |
| 2:42 | Ghoul |
| 2:42 | Ghoul |
| 2:45 | Acolyte |
| 3:06 | Ziggurat |
| 3:26 | Acolyte |
| 3:40 | Ghoul |
| 3:59 | Acolyte |
| 4:01 | Nerubian Tower |
| 4:04 | Acolyte |
| 4:06 | Ghoul |
| 4:11 | Carrion Beetles |
| 4:35 | Halls of the Dead |
| 4:55 | Graveyard |
| 5:14 | Ziggurat |
| 5:32 | Crypt |
| 5:44 | Ziggurat |
| 5:46 | Necropolis |
| 6:11 | Nerubian Tower |
| 6:24 | Spirit Tower |
| 6:30 | Carrion Beetles |
| 6:39 | Spirit Tower |
| 6:44 | Spirit Tower |
| 6:46 | Unholy Strength |
| 6:47 | Improved Unholy Strength |
| 7:00 | Black Citadel |
| 7:02 | Slaughterhouse |
| 7:04 | Slaughterhouse |
| 7:43 | Unholy Armor |
| 7:43 | Improved Unholy Armor |
| 8:11 | Obsidian Statue |
| 8:12 | Obsidian Statue |
| 8:37 | Advanced Unholy Strength |
| 8:50 | Obsidian Statue |
| 8:50 | Obsidian Statue |
| 8:51 | Advanced Unholy Armor |
| 9:14 | Ziggurat |
| 9:21 | Disease Cloud |
| 9:23 | Abomination |
| 9:38 | Abomination |
| 10:13 | Abomination |
| 10:31 | Abomination |
| 11:18 | Acolyte |
| 11:24 | Abomination |
| 11:31 | Abomination |
| 11:57 | Impale |
| 12:32 | Abomination |
| 12:53 | Abomination |
| 13:31 | Abomination |
| 15:22 | Abomination |
| 15:22 | Abomination |
| 16:06 | Abomination |
| 16:33 | Abomination |
| 16:52 | Slaughterhouse |
| 17:03 | Abomination |
| 17:28 | Graveyard |
| 17:41 | Abomination |
| 17:46 | Orb of Corruption |
| 17:47 | Scroll of Town Portal |
| 17:54 | Sacrificial Skull |
| 18:02 | Abomination |
| 18:18 | Abomination |
| 18:30 | Necropolis |
| 18:34 | Acolyte |
| 19:32 | Impale |
| 19:32 | Impale |
| 20:59 | Locust Swarm |
| 21:20 | Ziggurat |
| 21:21 | Ziggurat |
| 21:21 | Ziggurat |
| 21:22 | Ziggurat |
| 21:22 | Ziggurat |
| 21:23 | Ziggurat |
| 21:23 | Ziggurat |
| 21:24 | Ziggurat |
| Select group | 1933 |
| Right click | 607 |
| Select | 569 |
| Misc. action | 338 |
| Build/train/purchase | 148 |
| Assign group | 109 |
| Chat | 47 |
| Use ability | 32 |
| Minimap ping | 16 |
| Esc | 4 |
| Item give/drop | 2 |
161 units @ 25.6k
/ 4.1k
94 buildings @ 14.2k
/ 6.1k

| Scroll of Regeneration | 4 | 400 |
| Lesser Clarity Potion | 3 | 210 |
| Potion of Mana | 1 | 200 |
| Scroll of Town Portal | 4 | 1400 |
| Boots of Speed | 1 | 250 |
| Staff of Teleportation | 1 | 150 |
| Potion of Invisibility | 3 | 300 |
| Potion of Lesser Invulnerability | 1 | 150 |
| Orb of Venom | 1 | 325 |
| Anti-magic Potion | 1 | 100 |
| total: | 20 | 3485g |
| Peasant | 17 | 1275 | / | 0 |
| Footman | 8 | 1080 | / | 0 |
| Sorceress | 1 | 155 | / | 20 |
| Gryphon Rider | 2 | 560 | / | 140 |
| Goblin Shredder | 1 | 375 | / | 100 |
| total: | 29 | 3445g | / | 260w |
| Scout Tower | 10 | 300 | / | 200 |
| Arcane Tower | 1 | 70 | / | 50 |
| Guard Tower | 3 | 210 | / | 150 |
| Altar of Kings | 1 | 180 | / | 50 |
| Farm | 6 | 480 | / | 120 |
| Barracks | 2 | 320 | / | 120 |
| Lumber Mill | 1 | 120 | / | 0 |
| Arcane Vault | 1 | 130 | / | 30 |
| Town Hall | 3 | 1155 | / | 615 |
| Arcane Sanctum | 1 | 150 | / | 140 |
| Gryphon Aviary | 3 | 420 | / | 450 |
| Keep | 1 | 320 | / | 210 |
| Castle | 1 | 360 | / | 210 |
| total: | 28 | 3255g | / | 1725w |
| 0:06 | Peasant |
| 0:06 | Peasant |
| 0:14 | Altar of Kings |
| 0:20 | Peasant |
| 0:25 | Farm |
| 0:39 | Farm |
| 0:49 | Peasant |
| 0:57 | Peasant |
| 1:14 | Peasant |
| 1:27 | Peasant |
| 1:44 | Peasant |
| 1:45 | Barracks |
| 1:53 | Farm |
| 1:54 | Barracks |
| 1:57 | Scout Tower |
| 1:59 | Lumber Mill |
| 2:28 | Flame Strike |
| 2:52 | Footman |
| 2:54 | Farm |
| 2:56 | Arcane Tower |
| 2:57 | Footman |
| 3:24 | Footman |
| 3:56 | Footman |
| 4:13 | Peasant |
| 4:13 | Peasant |
| 4:23 | Arcane Vault |
| 4:41 | Defend |
| 4:43 | Footman |
| 5:13 | Siphon Mana |
| 5:22 | Town Hall |
| 5:40 | Boots of Speed |
| 5:40 | Staff of Teleportation |
| 5:56 | Peasant |
| 5:56 | Peasant |
| 6:35 | Scroll of Regeneration |
| 6:37 | Scroll of Regeneration |
| 7:11 | Keep |
| 7:23 | Scout Tower |
| 7:24 | Scout Tower |
| 7:26 | Scout Tower |
| 7:28 | Scout Tower |
| 7:41 | Footman |
| 8:15 | Footman |
| 8:26 | Guard Tower |
| 8:28 | Flame Strike |
| 9:01 | Lesser Clarity Potion |
| 9:05 | Scroll of Town Portal |
| 9:33 | Potion of Invisibility |
| 10:23 | Castle |
| 10:26 | Arcane Sanctum |
| 11:02 | Footman |
| 12:00 | Scroll of Regeneration |
| 12:01 | Scroll of Town Portal |
| 12:01 | Potion of Mana |
| 12:54 | Sorceress Adept Training |
| 12:57 | Town Hall |
| 13:06 | Potion of Invisibility |
| 13:11 | Goblin Shredder |
| 13:28 | Peasant |
| 13:28 | Peasant |
| 13:28 | Peasant |
| 14:10 | Scout Tower |
| 14:11 | Scout Tower |
| 14:12 | Scout Tower |
| 14:13 | Scout Tower |
| 14:50 | Guard Tower |
| 15:59 | Town Hall |
| 16:04 | Sorceress |
| 16:11 | Peasant |
| 16:11 | Peasant |
| 16:13 | Scroll of Town Portal |
| 16:14 | Potion of Invisibility |
| 16:18 | Potion of Lesser Invulnerability |
| 16:33 | Gryphon Aviary |
| 16:35 | Gryphon Aviary |
| 16:56 | Siphon Mana |
| 17:27 | Gryphon Aviary |
| 18:19 | Gryphon Rider |
| 18:26 | Lesser Clarity Potion |
| 18:26 | Orb of Venom |
| 18:34 | Anti-magic Potion |
| 19:33 | Flame Strike |
| 19:43 | Storm Hammers |
| 19:55 | Farm |
| 19:59 | Farm |
| 19:59 | Scout Tower |
| 20:37 | Gryphon Rider |
| 20:55 | Scroll of Regeneration |
| 20:55 | Lesser Clarity Potion |
| 20:57 | Scroll of Town Portal |
| 21:27 | Guard Tower |
| Right click | 939 |
| Chat | 654 |
| Select | 274 |
| Select group | 186 |
| Build/train/purchase | 89 |
| Misc. action | 75 |
| Use ability | 36 |
| Assign group | 31 |
| Minimap ping | 6 |
| Item give/drop | 4 |
| Esc | 2 |



| Rod of Necromancy | 3 | 450 |
| Sacrificial Skull | 1 | 50 |
| Potion of Mana | 4 | 800 |
| Lesser Clarity Potion | 3 | 210 |
| Potion of Healing | 1 | 150 |
| Scroll of Town Portal | 4 | 1400 |
| Potion of Lesser Invulnerability | 1 | 150 |
| Potion of Invisibility | 1 | 100 |
| total: | 18 | 3310g |
| Acolyte | 8 | 600 | / | 0 |
| Ghoul | 3 | 360 | / | 0 |
| Crypt Fiend | 6 | 1290 | / | 240 |
| Obsidian Statue | 2 | 400 | / | 70 |
| Frost Wyrm | 7 | 2695 | / | 840 |
| Goblin Shredder | 1 | 375 | / | 100 |
| total: | 27 | 5720g | / | 1250w |
| Nerubian Tower | 1 | 100 | / | 20 |
| Spirit Tower | 1 | 145 | / | 40 |
| Graveyard | 1 | 215 | / | 0 |
| Crypt | 1 | 200 | / | 50 |
| Altar of Darkness | 1 | 180 | / | 50 |
| Ziggurat | 8 | 1200 | / | 400 |
| Tomb of Relics | 2 | 260 | / | 60 |
| Necropolis | 1 | 225 | / | 0 |
| Slaughterhouse | 1 | 140 | / | 135 |
| Sacrificial Pit | 1 | 75 | / | 150 |
| Boneyard | 2 | 350 | / | 400 |
| Halls of the Dead | 3 | 960 | / | 630 |
| Black Citadel | 1 | 325 | / | 230 |
| total: | 18 | 2845g | / | 1245w |
| 0:01 | Acolyte |
| 0:01 | Acolyte |
| 0:05 | Graveyard |
| 0:09 | Crypt |
| 0:20 | Acolyte |
| 0:41 | Altar of Darkness |
| 1:07 | Ziggurat |
| 1:15 | Ghoul |
| 1:27 | Tomb of Relics |
| 1:28 | Tomb of Relics |
| 1:54 | Ziggurat |
| 1:58 | Ghoul |
| 2:27 | Crypt Fiend |
| 2:53 | Death Coil |
| 2:55 | Rod of Necromancy |
| 2:57 | Sacrificial Skull |
| 2:59 | Crypt Fiend |
| 3:03 | Acolyte |
| 3:34 | Ziggurat |
| 4:19 | Ghoul |
| 4:27 | Nerubian Tower |
| 4:35 | Necropolis |
| 4:38 | Ziggurat |
| 4:59 | Crypt Fiend |
| 5:00 | Unholy Aura |
| 5:28 | Rod of Necromancy |
| 5:33 | Spirit Tower |
| 5:59 | Halls of the Dead |
| 6:25 | Acolyte |
| 6:25 | Acolyte |
| 6:25 | Acolyte |
| 6:26 | Acolyte |
| 6:49 | Crypt Fiend |
| 7:40 | Crypt Fiend |
| 7:41 | Creature Attack |
| 8:00 | Creature Carapace |
| 8:28 | Black Citadel |
| 8:29 | Slaughterhouse |
| 8:30 | Sacrificial Pit |
| 8:32 | Death Coil |
| 8:54 | Burrow |
| 8:55 | Improved Creature Attack |
| 9:22 | Frost Nova |
| 9:23 | Scroll of Town Portal |
| 9:24 | Potion of Mana |
| 9:24 | Rod of Necromancy |
| 9:27 | Goblin Shredder |
| 10:28 | Obsidian Statue |
| 10:33 | Scroll of Town Portal |
| 10:43 | Web |
| 10:45 | Ziggurat |
| 10:55 | Lesser Clarity Potion |
| 11:07 | Boneyard |
| 11:08 | Boneyard |
| 11:23 | Potion of Healing |
| 11:24 | Lesser Clarity Potion |
| 11:38 | Ziggurat |
| 11:39 | Ziggurat |
| 11:40 | Ziggurat |
| 12:19 | Impale |
| 12:29 | Frost Wyrm |
| 13:01 | Frost Wyrm |
| 13:03 | Advanced Creature Attack |
| 13:30 | Frost Wyrm |
| 14:21 | Dark Ritual |
| 14:23 | Spiked Carapace |
| 14:28 | Frost Wyrm |
| 14:31 | Freezing Breath |
| 15:04 | Unholy Aura |
| 15:15 | Frost Wyrm |
| 15:30 | Frost Nova |
| 16:01 | Improved Creature Carapace |
| 16:40 | Scroll of Town Portal |
| 16:40 | Potion of Lesser Invulnerability |
| 16:43 | Potion of Invisibility |
| 16:57 | Impale |
| 17:13 | Frost Wyrm |
| 17:29 | Obsidian Statue |
| 17:48 | Scroll of Town Portal |
| 17:54 | Potion of Mana |
| 18:15 | Crypt Fiend |
| 18:21 | Advanced Creature Carapace |
| 19:29 | Death Coil |
| 19:31 | Dark Ritual |
| 19:33 | Dark Ritual |
| 19:51 | Potion of Mana |
| 19:57 | Potion of Mana |
| 20:25 | Lesser Clarity Potion |
| 20:34 | Frost Wyrm |
| Right click | 2026 |
| Select group | 874 |
| Chat | 350 |
| Select | 321 |
| Assign group | 146 |
| Build/train/purchase | 117 |
| Use ability | 62 |
| Minimap ping | 36 |
| Misc. action | 11 |
| Item give/drop | 4 |
| Esc | 3 |
| Remove unit | 1 |


| Rod of Necromancy | 2 | 300 |
| Sacrificial Skull | 1 | 50 |
| Orb of Corruption | 1 | 375 |
| Potion of Mana | 4 | 800 |
| Scroll of Town Portal | 6 | 2100 |
| Scroll of Healing | 1 | 250 |
| Potion of Lesser Invulnerability | 1 | 150 |
| Boots of Speed | 1 | 250 |
| total: | 17 | 4275g |
| Acolyte | 12 | 900 | / | 0 |
| Ghoul | 5 | 600 | / | 0 |
| Crypt Fiend | 14 | 3010 | / | 560 |
| Frost Wyrm | 9 | 3465 | / | 1080 |
| Blue Drake | 1 | 365 | / | 80 |
| total: | 41 | 8340g | / | 1720w |
| Nerubian Tower | 3 | 300 | / | 60 |
| Spirit Tower | 4 | 580 | / | 160 |
| Crypt | 1 | 200 | / | 50 |
| Graveyard | 3 | 645 | / | 0 |
| Ziggurat | 13 | 1950 | / | 650 |
| Altar of Darkness | 1 | 180 | / | 50 |
| Tomb of Relics | 2 | 260 | / | 60 |
| Necropolis | 2 | 450 | / | 0 |
| Sacrificial Pit | 1 | 75 | / | 150 |
| Slaughterhouse | 1 | 140 | / | 135 |
| Boneyard | 1 | 175 | / | 200 |
| Halls of the Dead | 1 | 320 | / | 210 |
| Black Citadel | 1 | 325 | / | 230 |
| total: | 25 | 4075g | / | 1295w |
| 0:03 | Acolyte |
| 0:03 | Acolyte |
| 0:10 | Crypt |
| 0:25 | Graveyard |
| 0:43 | Ziggurat |
| 0:59 | Altar of Darkness |
| 1:13 | Ghoul |
| 1:25 | Ghoul |
| 1:40 | Ziggurat |
| 1:56 | Tomb of Relics |
| 2:25 | Ghoul |
| 2:30 | Crypt Fiend |
| 2:37 | Crypt Fiend |
| 3:14 | Crypt Fiend |
| 3:30 | Rod of Necromancy |
| 3:31 | Carrion Beetles |
| 3:38 | Sacrificial Skull |
| 3:39 | Acolyte |
| 3:56 | Crypt Fiend |
| 4:50 | Ziggurat |
| 5:06 | Necropolis |
| 5:16 | Ziggurat |
| 5:33 | Ziggurat |
| 5:37 | Impale |
| 5:45 | Nerubian Tower |
| 5:48 | Halls of the Dead |
| 6:31 | Spirit Tower |
| 6:37 | Carrion Beetles |
| 7:32 | Acolyte |
| 7:33 | Acolyte |
| 7:34 | Spirit Tower |
| 7:34 | Acolyte |
| 7:47 | Crypt Fiend |
| 7:47 | Crypt Fiend |
| 7:58 | Acolyte |
| 8:13 | Black Citadel |
| 8:49 | Crypt Fiend |
| 8:57 | Ziggurat |
| 8:59 | Sacrificial Pit |
| 9:01 | Creature Attack |
| 9:07 | Ziggurat |
| 9:08 | Ziggurat |
| 9:18 | Scroll of Town Portal |
| 9:18 | Potion of Lesser Invulnerability |
| 9:20 | Boots of Speed |
| 10:00 | Burrow |
| 10:44 | Boneyard |
| 10:50 | Orb of Corruption |
| 10:50 | Rod of Necromancy |
| 10:51 | Scroll of Healing |
| 11:02 | Acolyte |
| 11:02 | Acolyte |
| 11:05 | Nerubian Tower |
| 11:11 | Death Coil |
| 11:20 | Ziggurat |
| 11:48 | Web |
| 12:41 | Acolyte |
| 12:42 | Acolyte |
| 12:42 | Acolyte |
| 12:57 | Ziggurat |
| 12:58 | Ziggurat |
| 13:00 | Ziggurat |
| 13:06 | Tomb of Relics |
| 13:11 | Frost Wyrm |
| 13:11 | Frost Wyrm |
| 13:15 | Crypt Fiend |
| 13:21 | Ziggurat |
| 13:28 | Scroll of Town Portal |
| 13:51 | Necropolis |
| 14:01 | Crypt Fiend |
| 14:13 | Spirit Tower |
| 14:14 | Nerubian Tower |
| 14:15 | Spirit Tower |
| 14:25 | Blue Drake |
| 15:05 | Frost Wyrm |
| 15:21 | Unholy Aura |
| 15:32 | Frost Wyrm |
| 15:42 | Potion of Mana |
| 15:46 | Scroll of Town Portal |
| 15:47 | Potion of Mana |
| 16:00 | Impale |
| 16:06 | Ghoul |
| 16:06 | Ghoul |
| 16:11 | Graveyard |
| 16:12 | Graveyard |
| 16:39 | Frost Wyrm |
| 17:40 | Crypt Fiend |
| 17:41 | Frost Wyrm |
| 17:47 | Potion of Mana |
| 17:47 | Potion of Mana |
| 17:51 | Scroll of Town Portal |
| 18:24 | Slaughterhouse |
| 19:21 | Death Coil |
| 19:25 | Crypt Fiend |
| 19:27 | Frost Wyrm |
| 19:55 | Scroll of Town Portal |
| 20:52 | Frost Wyrm |
| 20:52 | Frost Wyrm |
| 20:53 | Crypt Fiend |
| 20:53 | Crypt Fiend |
| 20:53 | Crypt Fiend |
| 20:59 | Scroll of Town Portal |
| Right click | 1439 |
| Select group | 804 |
| Select | 524 |
| Chat | 438 |
| Assign group | 110 |
| Build/train/purchase | 109 |
| Misc. action | 107 |
| Use ability | 42 |
| Minimap ping | 22 |
| Esc | 6 |
| Item give/drop | 5 |
| Remove unit | 1 |

| Lesser Clarity Potion | 2 | 140 |
| Staff of Preservation | 1 | 150 |
| Moonstone | 2 | 100 |
| Potion of Healing | 3 | 450 |
| Anti-magic Potion | 2 | 200 |
| Potion of Mana | 2 | 400 |
| Scroll of Town Portal | 3 | 1050 |
| Orb of Corruption | 1 | 375 |
| total: | 16 | 2865g |
| Wisp | 27 | 1620 | / | 0 |
| Huntress | 2 | 390 | / | 40 |
| Archer | 15 | 1950 | / | 150 |
| Hippogryph | 16 | 2560 | / | 320 |
| Goblin Shredder | 1 | 375 | / | 100 |
| Goblin Zeppelin | 1 | 240 | / | 60 |
| Blue Dragon Whelp | 1 | 215 | / | 20 |
| Blue Dragon | 1 | 745 | / | 200 |
| total: | 64 | 8095g | / | 890w |
| Ancient Protector | 2 | 270 | / | 160 |
| Altar of Elders | 1 | 180 | / | 50 |
| Moon Well | 7 | 1260 | / | 280 |
| Ancient of War | 5 | 750 | / | 300 |
| Ancient of Wonders | 1 | 90 | / | 30 |
| Hunter's Hall | 1 | 210 | / | 100 |
| Tree of Life | 2 | 680 | / | 370 |
| Ancient of Wind | 4 | 600 | / | 560 |
| Tree of Ages | 5 | 1600 | / | 900 |
| Tree of Eternity | 1 | 330 | / | 200 |
| total: | 23 | 4040g | / | 1850w |
| 0:02 | Wisp |
| 0:02 | Wisp |
| 0:04 | Altar of Elders |
| 0:15 | Moon Well |
| 0:28 | Wisp |
| 0:32 | Ancient of War |
| 0:38 | Wisp |
| 0:54 | Wisp |
| 1:05 | Ancient of Wonders |
| 1:09 | Wisp |
| 1:10 | Wisp |
| 1:27 | Wisp |
| 1:30 | Moon Well |
| 1:42 | Ancient of War |
| 1:53 | Wisp |
| 2:06 | Entangling Roots |
| 2:08 | Lesser Clarity Potion |
| 2:11 | Wisp |
| 2:12 | Wisp |
| 2:20 | Hunter's Hall |
| 2:39 | Wisp |
| 2:47 | Ancient of War |
| 2:56 | Wisp |
| 3:19 | Tree of Ages |
| 3:40 | Huntress |
| 4:00 | Huntress |
| 4:56 | Tree of Life |
| 5:20 | Ancient Protector |
| 5:28 | Ancient Protector |
| 5:34 | Force of Nature |
| 5:46 | Ancient of Wind |
| 5:46 | Ancient of Wind |
| 5:54 | Goblin Shredder |
| 6:12 | Improved Bows |
| 6:23 | Moon Well |
| 6:33 | Entangling Roots |
| 6:37 | Archer |
| 6:41 | Ancient of Wind |
| 6:53 | Staff of Preservation |
| 7:04 | Archer |
| 7:18 | Archer |
| 7:47 | Archer |
| 8:08 | Hippogryph |
| 8:30 | Hippogryph |
| 8:51 | Wisp |
| 8:51 | Wisp |
| 8:51 | Wisp |
| 8:52 | Wisp |
| 9:01 | Goblin Zeppelin |
| 9:24 | Wisp |
| 9:31 | Wisp |
| 9:37 | Force of Nature |
| 9:49 | Tree of Life |
| 10:07 | Archer |
| 10:07 | Hippogryph |
| 10:13 | Strength of the Moon |
| 10:16 | Wisp |
| 10:33 | Lesser Clarity Potion |
| 10:35 | Moonstone |
| 10:37 | Potion of Healing |
| 10:40 | Scroll of Town Portal |
| 10:48 | Moon Well |
| 11:16 | Scroll of Town Portal |
| 11:27 | Tree of Eternity |
| 11:28 | Improved Strength of the Moon |
| 11:39 | Hippogryph |
| 11:50 | Moon Well |
| 11:56 | Hippogryph |
| 11:58 | Wisp |
| 11:58 | Wisp |
| 12:06 | Hippogryph |
| 12:09 | Wisp |
| 12:58 | Wisp |
| 12:58 | Wisp |
| 13:05 | Moon Well |
| 13:06 | Archer |
| 13:06 | Hippogryph |
| 13:08 | Moon Armor |
| 13:25 | Archer |
| 13:25 | Hippogryph |
| 13:49 | Marksmanship |
| 14:05 | Advanced Strength of the Moon |
| 14:26 | Moon Well |
| 14:53 | Entangling Roots |
| 14:57 | Archer |
| 14:57 | Hippogryph |
| 15:21 | Blue Dragon Whelp |
| 15:26 | Blue Dragon |
| 15:35 | Strength of the Wild |
| 15:38 | Ancient of Wind |
| 16:01 | Improved Moon Armor |
| 16:01 | Reinforced Hides |
| 16:01 | Well Spring |
| 16:26 | Archer |
| 16:26 | Hippogryph |
| 17:14 | Archer |
| 17:14 | Hippogryph |
| 17:24 | Archer |
| 17:24 | Hippogryph |
| 17:30 | Scroll of Town Portal |
| 17:30 | Anti-magic Potion |
| 17:34 | Hippogryph |
| 17:41 | Archer |
| 17:56 | Archer |
| 18:07 | Advanced Moon Armor |
| 18:17 | Archer |
| 18:21 | Wisp |
| 18:21 | Wisp |
| 18:23 | Ancient of War |
| 18:23 | Ancient of War |
| 18:44 | Archer |
| 18:49 | Hippogryph |
| 19:32 | Hippogryph |
| 19:40 | Potion of Healing |
| 19:55 | Moonstone |
| 19:58 | Tranquility |
| 19:59 | Anti-magic Potion |
| 20:09 | Hippogryph |
| 20:52 | Orb of Corruption |
| 20:53 | Potion of Mana |
| 21:15 | Potion of Healing |
| 21:16 | Potion of Mana |
| Right click | 1157 |
| Select group | 1030 |
| Select | 615 |
| Misc. action | 244 |
| Chat | 200 |
| Build/train/purchase | 146 |
| Assign group | 111 |
| Use ability | 95 |
| Esc | 9 |
| Minimap ping | 9 |
| Resource trade | 5 |
| Item give/drop | 3 |
⇛